 Dungeon Crawl Stone Soup version 0.30.1-11-g7821555f0a (webtiles) character file.

Game seed: 5442209982245132188

5697 lonewolfV2 the Nimble (level 11, -5/129 HPs)
             Began as a Formicid Fighter on Nov 9, 2023.
             Was a Follower of Yredelemnul.
             Slain by Maggie
             ... wielding a +1 broad axe of flaming
              (7 damage)
             ... on level 9 of the Dungeon.
             The game lasted 00:12:08 (7836 turns).

lonewolfV2 the Nimble (Formicid Fighter)            Turns: 7836, Time: 00:12:09

Health: -5/129     AC: 25    Str: 30    XL:     11   Next: 4%
Magic:  0/17       EV:  2    Int: 12    God:    Yredelemnul [*.....]
Gold:   221        SH:  6    Dex: 13    Spells: 10/10 levels left

rFire   . . .        t - +2 battleaxe (flame)
rCold   . . .        c - +1 buckler
rNeg    . . .        e - melded +3 crystal plate armour "Leaxirr" {MP+9}
rPois   +            (helmet unavailable)
rElec   .            (cloak currently unavailable)
rCorr   .            m - melded +1 pair of gloves {hurl}
SInv    .            i - melded +2 pair of boots
Will    +....        b - amulet of Uboewuph {Spirit *Slow Str+4 Int+5}
Stlth   +            (no ring)
HPRegen 0.41/turn    (no ring)
MPRegen 0.15/turn

%: slow self (1%), guardian spirit
@: mighty, tree-form, mesmerised
A: stationary, stasis, torment immunity, boosted hp, permanent stasis, dig
shafts and tunnels, (antennae 3), four strong arms
a: Renounce Religion, Recall Undead Harvest


You were on level 9 of the Dungeon.
You worshipped Yredelemnul.
Yredelemnul was aware of your devotion.
You were a tree.
You visited 1 branch of the dungeon, and saw 9 of its levels.
You also visited: Sewer.

You collected 453 gold pieces.
You spent 232 gold pieces at shops.

Inventory:

Hand Weapons
 a - a +0 heavy war axe
 n - a +1 vampiric war axe
 t - a +2 battleaxe of flaming (weapon)
Missiles
 k - a throwing net
Armour
 c - a +1 buckler (worn)
 e - the +3 crystal plate armour "Leaxirr" (melded) {MP+9}
   (You acquired it on level 2 of the Dungeon)

   MP:        It affects your magic capacity (+9).
 i - a +2 pair of boots (melded)
 m - a +1 pair of gloves of hurling (melded)
Jewellery
 b - the amulet of Uboewuph (around neck) {Spirit *Slow Str+4 Int+5}
   (You found it in a sewer)

   [amulet of guardian spirit]

   It causes incoming damage to be divided between your reserves of health and
   magic.
   Str:       It affects your strength (+4).
   Int:       It affects your intelligence (+5).
   *Slow:     It may slow you when you take damage.
Wands
 r - a wand of flame (16)
 v - a wand of polymorph (10)
 w - a wand of quicksilver (7)
 y - a wand of mindburst (8)
Scrolls
 u - a scroll of silence
 z - 3 scrolls of identify
Potions
 d - a potion of might
 g - 2 potions of haste
 h - 4 potions of degeneration
 j - a potion of lignification
 l - a potion of brilliance
 o - 2 potions of attraction
 p - a potion of flight
 s - a potion of mutation
 A - a potion of magic


   Skills:
 + Level 8.2 Fighting
 - Level 2.0 Axes
 - Level 3.7 Armour
 + Level 11.3 Dodging
 - Level 4.0 Shields
 + Level 8.1 Invocations


You had 10 spell levels left.
You didn't know any spells.
Your spell library contained the following spells:

 Spells                   Type           Power      Damage    Failure   Level
 Ensorcelled Hibernation  Hex/Ice        0%         N/A       50%         2
 Lesser Beckoning         Tloc           0%         N/A       50%         2
 Momentum Strike          Conj/Tloc      0%         3d8       50%         2
 Sublimation of Blood     Necr           0%         N/A       50%         2
 Wereblood                Tmut           0%         N/A       50%         2
 Dazzling Flash           Conj/Hex       0%         N/A       75%         3
 Spider Form              Tmut/Pois      0%         N/A       75%         3
 Anguish                  Hex/Necr       0%         N/A       98%         4
 Agony                    Necr           0%         N/A       100%        5
 Silence                  Hex/Air        0%         N/A       100%        5
 Summon Hydra             Summ           0%         N/A       100%        7
 Blink                    Tloc           Unusable   N/A       N/A         2

Dungeon Overview and Level Annotations

Branches:
Dungeon (9/15)             Temple (0/1) D:5           Sewer (visited)
   Lair: D:8-11         Orc: D:9-12

Altars:
Dithmenos
Makhleb
Nemelex Xobeh
Ru
Yredelemnul

Shops:
D:6 **

Annotations:
D:6 2 runed translucent doors, turdburglar's ghost, novice GnWn
D:7 3 runed translucent doors, gogogogo's ghost, novice GnWn
D:9 Harold; Maggie


Innate Abilities, Weirdness & Mutations

You are a tree.
Your roots penetrate the ground, keeping you stationary.
You cannot be teleported.
You are immune to unholy pain and torment.
Your maximum health is greatly increased.
Your equipment is partially melded.
You cannot be hasted, slowed, berserked, paralysed or teleported.
You can dig through walls and to a lower floor.
((You have a pair of large antennae on your head. (SInv)))
Your four strong arms can wield two-handed weapons with a shield.


Message History

The wyvern misses you.
The two-headed ogre hits you with a +0 giant spiked club.
* * * LOW HITPOINT WARNING * * *
The two-headed ogre completely misses you.
Maggie hits you with a +1 broad axe of flaming!
* * * LOW HITPOINT WARNING * * *
Maggie burns you.
* * * LOW HITPOINT WARNING * * *
Harold barely misses you.
You feel mightier all of a sudden.
You feel sick.
You are no longer poisoned.
Your killer bee zombie barely misses the wyvern.
The wyvern misses you.
Your killer bee zombie closely misses the wyvern.
Your kobold brigand zombie hits Harold.
Maggie says, "Leave now, and tell all of Margery's mercy!"
Maggie hits you but does no damage.
Harold barely misses your kobold brigand zombie.
The wyvern bites you but does no damage.
Really quaff the potion of lignification?
You turn into a tree.
Your +1 pair of gloves of hurling melds into your body.
Your +2 pair of boots melds into your body.
The +3 crystal plate armour "Leaxirr" {MP+9} melds into your body.
Your aim is not that steady anymore.
You feel your magic capacity decrease.
Your roots penetrate the ground.
You feel your willpower return.
Your killer bee zombie barely misses the two-headed ogre.
Your killer bee zombie hits the wyvern.
The two-headed ogre hits you but does no damage.
The two-headed ogre hits you with a +0 giant spiked club!
* * * LOW HITPOINT WARNING * * *
Your killer bee zombie hits the two-headed ogre.
The wyvern bites you!
* * * LOW HITPOINT WARNING * * *
Your killer bee zombie hits the wyvern.
Maggie hits you with a +1 broad axe of flaming!
You die...
Your body rises from the dead as a mindless zombie.

...............
..................
..................
............$.....
..................
......)..Z........
#..)@l.........
#..)♣O.........
#..)Z@.........
#...Z).........
...................
...................
...[...............
###................
#..........).....
#................


You could see Harold, Maggie (mesmerising), a two-headed ogre (ally target), a
wyvern (distracted), 2 friendly killer bee zombies and a friendly kobold brigand
zombie.

Vanquished Creatures
  Erica (D:8)
  A boulder beetle (D:8)
  A hornet (D:8)
  A steam dragon (D:6)
  3 water moccasins
  Edmund (D:6)
  An ice beast (D:6)
  2 ogres (D:5)
  A kobold brigand (D:9)
  2 bullfrogs
  A gnoll sergeant (D:4)
  A scorpion (D:7)
  13 killer bees
  2 hounds
  2 gnoll boudas
  2 jellies
  5 iguanas
  2 orc wizards (D:8)
  14 gnolls
  4 adders
  3 river rats (D:6)
  A white imp (D:7)
  3 ufetubi
  2 worms (D:3)
  2 dart slugs
  5 orcs
  8 ball pythons
  3 bats
  10 endoplasms
  6 giant cockroaches
  3 goblins
  6 hobgoblins
  8 quokkas
  4 frilled lizards
  4 kobolds
  5 rats
133 creatures vanquished.

Vanquished Creatures (collateral kills)
  Amaemon (D:8)
  Joseph (D:8)
  An orange demon (D:8)
  An ice beast (D:6)
  2 ogres
  3 centaurs
  2 bullfrogs
  A scorpion (D:5)
  A killer bee (D:7)
  A hound (D:4)
  A gnoll (D:4)
  2 adders (Sewer)
  An orc (D:4)
  9 ball pythons
  2 endoplasms (Sewer)
  5 giant cockroaches
  A hobgoblin (D:1)
  6 quokkas
  5 frilled lizards (Sewer)
  A goblin (D:2)
  A kobold (D:2)
48 creatures vanquished.

Vanquished Creatures (others)
  A demonspawn zombie (D:8)
  A centaur zombie (D:8)
  4 killer bee zombies
  A hound zombie (D:4)
  3 gnoll zombies
  An adder zombie (Sewer)
  An iguana zombie (D:6)
  A kobold (D:9)
  5 ball python zombies
  A frilled lizard zombie (Sewer)
  2 kobold zombies (D:9)
  3 orc zombies (D:8)
  A quokka zombie (Sewer)
25 creatures vanquished.

Grand Total: 206 creatures vanquished

Notes
Turn   | Place    | Note
-------+----------+-------------------------------------------
     0 | D:1      | lonewolfV2 the Formicid Fighter began the quest for the
                  | Orb.
     0 | D:1      | Reached XP level 1. HP: 18/18 MP: 1/1
   234 | D:1      | Reached XP level 2. HP: 24/24 MP: 2/2
   429 | D:1      | Reached skill level 1 in Dodging
   450 | D:1      | Found a faded altar of an unknown god.
   457 | D:1      | Prayed at the altar of an unknown god.
   457 | D:1      | Became a worshipper of Yredelemnul the Dark
   781 | D:1      | Reached * piety under Yredelemnul
   781 | D:1      | Reached skill level 1 in Invocations
  1000 | D:2      | Reached XP level 3. HP: 29/29 MP: 3/3
  1483 | D:2      | Reached ** piety under Yredelemnul
  1625 | D:2      | Identified a scroll of acquirement
  1625 | D:2      | Acquired the +3 crystal plate armour "Leaxirr" {MP+9}
  1915 | D:3      | Reached XP level 4. HP: 24/37 MP: 5/5
  2244 | D:3      | Reached skill level 2 in Dodging
  2480 | D:4      | Reached XP level 5. HP: 42/42 MP: 6/6
  2510 | D:4      | Reached skill level 3 in Dodging
  2611 | D:4      | Reached skill level 4 in Dodging
  2611 | D:4      | Reached XP level 6. HP: 47/48 MP: 7/7
  2683 | D:4      | Found a shadowy altar of Dithmenos.
  3409 | D:5      | Entered Level 5 of the Dungeon
  3423 | D:4      | Reached skill level 5 in Dodging
  3477 | D:5      | Noticed an ogre
  3485 | D:5      | Killed an ogre
  3486 | D:5      | Reached XP level 7. HP: 29/53 MP: 8/8
  3614 | D:5      | Reached skill level 6 in Dodging
  3792 | D:5      | Reached XP level 8. HP: 59/60 MP: 9/9
  3813 | D:5      | Reached skill level 7 in Dodging
  4094 | D:5      | Found a burning altar of Makhleb.
  4140 | D:5      | Found a sparkling altar of Nemelex Xobeh.
  4183 | D:5      | Found a staircase to the Ecumenical Temple.
  4289 | D:6      | Found a glowing drain.
  4314 | Sewer    | Entered a sewer
  4487 | Sewer    | Reached *** piety under Yredelemnul
  4563 | Sewer    | Reached skill level 8 in Dodging
  4568 | Sewer    | Identified the amulet of Uboewuph {Spirit *Slow Str+4
                  | Int+5}
  4622 | D:6      | Noticed Edmund
  4636 | D:6      | Killed Edmund
  4843 | D:6      | Found a sacrificial altar of Ru.
  4905 | D:6      | Reached skill level 9 in Dodging
  4905 | D:6      | Reached XP level 9. HP: 33/65 MP: 9/10
  5173 | D:6      | Found Feheant's Assorted Antiques.
  5188 | D:6      | Bought a pair of runed gloves for 232 gold pieces
  5204 | D:6      | Found Tiugh's Lightly-Used Armoury.
  5224 | D:6      | Found a large runed translucent door.
  5225 | D:6      | Found a large runed translucent door.
  5236 | D:6      | Noticed turdburglar's ghost (novice GnWn)
  6037 | D:7      | Found a runed translucent gate.
  6037 | D:7      | Found a runed translucent gate.
  6037 | D:7      | Found a runed translucent gate.
  6040 | D:7      | Noticed gogogogo's ghost (novice GnWn)
  6105 | D:7      | Identified the +1 rapier of Sharkskin {spect, Drain rElec
                  | Int-3 Dex+6}
  6665 | D:8      | Reached skill level 5 in Fighting
  6665 | D:8      | Reached skill level 10 in Dodging
  6897 | D:8      | Noticed Amaemon
  6897 | D:8      | Noticed an orange demon
  6908 | D:8      | Killed an orange demon
  6909 | D:8      | Reached skill level 5 in Invocations
  6911 | D:8      | Killed Amaemon
  6912 | D:8      | Reached XP level 10. HP: 61/77 MP: 14/14
  7049 | D:8      | Noticed Joseph
  7062 | D:8      | Killed Joseph
  7191 | D:8      | Noticed a boulder beetle
  7207 | D:8      | Your ally Amaemon died
  7233 | D:8      | Killed a boulder beetle
  7404 | D:8      | Noticed Erica
  7422 | D:8      | Killed Erica
  7423 | D:8      | Reached skill level 11 in Dodging
  7824 | D:9      | Noticed Maggie
  7825 | D:9      | Noticed a two-headed ogre
  7827 | D:9      | Reached XP level 11. HP: 72/86 MP: 16/16
  7830 | D:9      | Noticed Harold
  7836 | D:9      | HP: 2/129 [wyvern (9)]
  7836 | D:9      | Slain by Maggie

Illustrated notes

Levels and vault maps discovered:
D:1:      dpeg_arrival_stone_temple_mockup, layout_loops_corners,
          hellmonk_ecumenical_altar_leap_of_faith, dreamdust_mushroom_princess
D:2:      layout_basic
D:3:      layout_rooms, chequers_garden
D:4:      minmay_angry_zag, layout_rooms, mainiacjoe_overflow_alcove_4,
          serial_co_window_serial, co_window_of_opportunity_a,
          co_window_paths_a, co_window_corner_a, co_window_cross_1,
          co_window_paths_a, co_window_unsneaky_path_a,
          co_window_unsneaky_path_b, co_window_broadway_c, co_window_corner_cb,
          co_window_corner_ca, co_window_corner_b, co_window_corner_ca,
          co_window_4corner_a, co_window_4corner_b, minmay_misc_feat_diagonals
D:5:      layout_basic, kennysheep_little_box, mainiacjoe_overflow_tiny_flanked,
          minmay_temple_entry_sparse_star, roderic_roman_lattice
D:6:      layout_gridville, nicolae_ru_sacrificial_ziggurat,
          portal_sewer_entry_a, serial_shops, nicolae_square_shop,
          ebering_ghost_disaster_area, minmay_shop_damaged, uniq_edmund
D:7:      layout_cave_pods, gammafunk_ghost_split, serial_glass,
          glass_columns_c, glass_columns_a
D:8:      layout_gridville, uniq_joseph, uniq_amaemon, uniq_erica
D:9:      layout_long_grid, mainiacjoe_overflow_alcove_2,
          kennysheep_generic_room_4, uniq_harold, uniq_erolcha, uniq_maggie

Skill      XL: |  1  2  3  4  5  6  7  8  9 10 11 |
---------------+----------------------------------+-----
Dodging        | 1 2 4 5 6 9 10 11 | 11.3
Invocations    | 1 5 7 8 |  8.1
Fighting       | 6 8 |  8.2
Axes           | |  2.0
Armour         | |  3.7
Shields        | |  4.0

Action                     |  1- 3 |  4- 6 |  7- 9 | 10-12 || total
---------------------------+-------+-------+-------+-------++-------
  Melee: War axe           |    72 |   101 |   103 |       ||   276
         Battleaxe         |       |       |    95 |    66 ||   161
 Invoke: Recall Undead Har |       |     1 |     2 |       ||     3
  Evoke: Wand              |       |       |     1 |       ||     1
    Use: Scroll            |     5 |    10 |     9 |     4 ||    28
         Potion            |       |       |     4 |     4 ||     8
   Stab: Distracted        |       |     1 |     1 |       ||     2
 Armour: Scale mail        |    35 |       |       |       ||    35
         Crystal plate arm |     8 |    89 |   289 |    95 ||   481
         Skin              |       |       |       |     1 ||     1
  Dodge: Dodged            |    37 |    21 |   170 |    61 ||   289
  Block: Buckler           |    21 |    33 |   124 |    34 ||   212
